 Dungeon Crawl Stone Soup version 0.23-a0-143-g1adec7b (webtiles) character file.

34 galech the Skirmisher (level 3, 10/29 HPs)
             Began as a Demonspawn Monk on Sept 4, 2018.
             Quit the game on level 2 of the Dungeon.
             The game lasted 00:01:44 (1157 turns).

galech the Skirmisher (Demonspawn Monk)             Turns: 1157, Time: 00:01:45

Health: 10/29      AC: 10    Str: 11    XL:     3   Next: 14%
Magic:  3/3        EV:  5    Int: 11    God:
Gold:   46         SH:  0    Dex: 16    Spells: 2/2 levels left

rFire    . . .     SeeInvis .   a - +0 hand axe
rCold    . . .     Gourm    .   (no shield)
rNeg     . . .     Faith    .   e - +0 chain mail
rPois    .         Spirit   .   (no helmet)
rElec    .         Reflect  .   (no cloak)
rCorr    .         Harm     .   (no gloves)
MR       .....                  (no boots)
Stlth    ..........             (no amulet)
HPRegen  0.09/turn              (no ring)
MPRegen  0.08/turn              (no ring)

@: lethally poisoned (10 -> 0)
A: claws 1, iridescent scales 1
a: no special abilities


You were on level 2 of the Dungeon.
You were not hungry.

You visited 1 branch of the dungeon, and saw 2 of its levels.

You collected 46 gold pieces.

Inventory:

Hand Weapons
 a - a +0 hand axe (weapon)
Armour
 e - a +0 chain mail (worn)
Scrolls
 b - 4 scrolls of identify {unknown}
 d - 2 scrolls of immolation {unknown}
 h - a scroll of teleportation {unknown}
 i - a scroll of enchant weapon {unknown}
Potions
 g - a potion of invisibility {unknown}
 j - a potion of degeneration {unknown}
 k - a potion of brilliance {unknown}
 l - a potion of berserk rage {unknown}
Comestibles
 c - 5 rations
 f - 9 chunks of flesh


   Skills:
 + Level 3.2 Fighting
 + Level 3.2 Axes
 + Level 0.2 Armour
 + Level 3.1 Dodging
 + Level 1.9 Stealth


You had 2 spell levels left.
You didn't know any spells.
Your spell library was empty.

Dungeon Overview and Level Annotations

Branches:
Dungeon (2/15)

Altars:
Ashenzari
Dithmenos
Uskayaw
The Shining One


Innate Abilities, Weirdness & Mutations

You have sharp fingernails.
You are partially covered in iridescent scales. (AC +2)


Message History

You are too injured to fight recklessly!
You are too injured to fight recklessly!
You are too injured to fight recklessly!
You are too injured to fight recklessly!
You are too injured to fight recklessly!
You are too injured to fight recklessly!
You are too injured to fight recklessly!
You are too injured to fight recklessly!
You are too injured to fight recklessly!
You are too injured to fight recklessly!
You are too injured to fight recklessly!
You hit the adder.
You kill the adder!
You have reached level 3!
Your experience leads to an increase in your attributes!
Increase (S)trength, (I)ntelligence, or (D)exterity?
You feel agile.
Your demonic ancestry asserts itself...
Your fingernails lengthen.
You feel sick.
Are you sure you want to abandon this character and quit the game? (Confirm

#### ###... #######.....
###.)..##.#...
##.......#.#...
##########..........####
......†.....###..÷.....>
#@...##.##..#+###.
#..#.#._.#.#......
####.......#......
##.....##......
##...##....... .
#####....##.. . ....#...
........ #.......


There were no monsters in sight!

Vanquished Creatures
  An adder (D:2)
  A dart slug (D:1)
  A giant cockroach (D:1)
  2 goblins
  5 hobgoblins
  A ball python (D:2)
  5 bats
  3 frilled lizards
  4 kobolds
  2 rats (D:1)
25 creatures vanquished.

Notes
Turn   | Place    | Note
-------+----------+-------------------------------------------
     0 | D:1      | galech the Demonspawn Monk began the quest for the Orb.
     0 | D:1      | Reached XP level 1. HP: 18/18 MP: 1/1
   443 | D:1      | Gained mutation: You are partially covered in iridescent
                  | scales. (AC +2) [demonic ancestry]
   443 | D:1      | Reached XP level 2. HP: 23/24 MP: 2/2
   862 | D:2      | Found a glowing golden altar of the Shining One.
   876 | D:2      | Found a hide-covered altar of Uskayaw.
  1073 | D:2      | Found a shadowy altar of Dithmenos.
  1104 | D:2      | Found a shattered altar of Ashenzari.
  1156 | D:2      | Gained mutation: You have sharp fingernails. [demonic
                  | ancestry]
  1156 | D:2      | Reached XP level 3. HP: 11/29 MP: 3/3
  1157 | D:2      | Quit the game

Vault maps used:
D:1:      dpeg_arrival_brainrot, fountainhead
D:2:      marbit_many_paths, lemuel_coloured_pillars_altar,
          grunt_temple_overflow_open, first_ration,
          nicolae_dithmenos_through_a_glass_darkly

Skill      XL: |  1  2 |
---------------+-------+-----
Dodging        | 3 |  3.1
Axes           | 3 |  3.2
Fighting       | |  3.2
Armour         | |  0.2
Stealth        | |  1.9

Action                   || total
-------------------------++-------
Melee: Hand axe          ||    99
  Eat: Chunk             ||     1
Armor: Chain mail        ||    62
Dodge: Dodged            ||    39

Table legend:
 A = Non-vault XP
 B = Vault XP
 C = Vault XP percentage of total XP
 D = Non-vault monster count
 E = Vault monster count
 F = Vault count percentage of total count
                 A         B        C        D         E       F
            +---------+---------+-------+---------+---------+-------
      Total |      47 |       2 |   4.1 |      24 |       1 |   4.0
            +---------+---------+-------+---------+---------+-------
        D:1 |      17 |       0 |   0.0 |      11 |       0 |   0.0
        D:2 |      30 |       2 |   6.2 |      13 |       1 |   7.1
            +---------+---------+-------+---------+---------+-------
